 Dungeon Crawl Stone Soup version 0.21-a0-143-g1ab7d47 (webtiles) character file.

1180 Prestidigitation the Basher (level 8, -1/61 HPs)
             Began as a Demonspawn Wanderer on July 25, 2017.
             Slain by an orc priest (5 damage)
             ... on level 7 of the Dungeon.
             The game lasted 00:09:44 (5251 turns).

Prestidigitation the Basher (Demonspawn Wanderer)   Turns: 5251, Time: 00:09:45

Health: -1/61      AC: 18    Str: 13      XL:     8   Next: 19%
Magic:  8/8        EV:  8    Int: 14      God:
Gold:   213        SH:  0    Dex: 12 (14) Spells: 7/7 levels left

rFire    . . .     SeeInvis .   i - +5 mace (protect)
rCold    . . .     Gourm    .   (no shield)
rNeg     . . .     Faith    .   l - +0 scale mail
rPois    .         Spirit   .   k - +0 helmet
rElec    .         Reflect  .   C - +1 cloak
rCorr    .         Harm     .   (no gloves)
MR       .....                  (no boots)
Stlth    +.........             (no amulet)
HPRegen  0.20/turn              (no ring)
MPRegen  0.11/turn              (no ring)

@: protection aura
A: icy blue scales 1, nightstalker 1, spiny 1
a: no special abilities


You were on level 7 of the Dungeon.
You were not hungry.

You visited 2 branches of the dungeon, and saw 8 of its levels.

You collected 213 gold pieces.

Inventory:

Hand Weapons
 a - a +2 mace
 d - a +0 dagger
 i - a +5 mace of protection (weapon)
 D - a +2 flail of protection
Armour
 c - a +0 robe
 k - a +0 helmet (worn)
 l - a +0 scale mail (worn)
 C - a +1 cloak (worn)
Jewellery
 m - an uncursed ring of fire
 s - an uncursed ring of fire
Wands
 r - a wand of random effects (48/48)
 u - a wand of random effects (10/48)
Scrolls
 e - 4 scrolls of enchant weapon
 j - 3 scrolls of immolation
 t - a scroll of teleportation
 z - 3 scrolls of identify
 A - a scroll of remove curse
Potions
 b - 3 potions of curing
 n - 2 potions of might
 p - a potion of haste
 x - a potion of magic {unknown}
Books
 E - a book of Maledictions

   Spells                             Type                      Level
   a - Corona                         Hexes                        1
   b - Ensorcelled Hibernation        Hexes/Ice                    2
   c - Confuse                        Hexes                        3
   d - Tukima's Dance                 Hexes                        3
   e - Dazzling Spray                 Conjuration/Hexes            3
 F - a book of Frost

   Spells                             Type                      Level
   a - Freeze                         Ice                          1
   b - Throw Frost                    Conjuration/Ice              2
   c - Ozocubu's Armour               Charms/Ice                   3
   d - Throw Icicle                   Conjuration/Ice              4
   e - Summon Ice Beast               Ice/Summoning                4
Comestibles
 f - 2 bread rations
 h - 3 meat rations
 w - 2 royal jellies


   Skills:
 - Level 4.4 Fighting
   Level 1.7(5.9) Axes
 + Level 9.0(9.1) Maces & Flails
 - Level 1.7 Stealth


You had 7 spell levels left.
You didn't know any spells.

Dungeon Overview and Level Annotations

Branches:
Dungeon (7/15)             Temple (1/1) D:5

Altars:
Ashenzari
Cheibriados
Dithmenos
Elyvilon
Gozag
Hepliaklqana
Makhleb
Nemelex Xobeh
Qazlal
Ru
Sif Muna
Trog
Uskayaw
Wu Jian
Xom
Yredelemnul
Zin
The Shining One
Lugonu


Innate Abilities, Weirdness & Mutations

You are partially covered in icy blue scales. (AC +2)
You are slightly more attuned to the shadows.
You are partially covered in sharp spines.


Message History

The orc priest looks braver for a moment.
The orc priest hits you but does no damage.
You hit the orc priest.
The orc priest is severely wounded.
The orc priest calls upon Beogh to heal the orc priest.
The orc priest is healed somewhat.
The orc priest calls down the wrath of Beogh upon you.
Beogh smites you!
* * * LOW HITPOINT WARNING * * *
Okay, then.
Unknown command.
You closely miss the orc priest.
The orc priest is severely wounded.
The orc priest barely misses you. x2
You hit the orc priest.
You kill the orc priest!
Your Maces & Flails skill increases to level 9!
The orc priest is struck by your spines.
The orc priest hits you.
You die...

#.# ##.#### ##
##..... ...
...#.##.#
###.......#
#..[o.....# #
#.@..#.###.#
#...<......# #
#..#.#.....#
#.#...........
#.............
###...#.......
#...##.....#
#...........
###...#.##..#.


You could see an orc priest.

Vanquished Creatures
  Grinder (D:5)
  A phantom (D:5)
  A centaur (D:6)
  3 crimson imps
  A centaur skeleton (D:5)
  A hound (D:5)
  A bullfrog zombie (D:5)
  A jelly (D:5)
  An orc priest (D:7)
  Crazy Yiuf (D:5)
  3 orc wizards
  A bullfrog skeleton (D:6)
  2 iguanas
  5 worker ants
  A hound skeleton (D:5)
  A worker ant zombie (D:6)
  3 gnolls (D:2)
  7 adders
  An ooze (D:2)
  8 worms
  6 leopard geckos
  23 orcs
  6 giant cockroaches
  7 goblins
  7 hobgoblins
  5 jackals
  A quokka (D:6)
  6 bats
  5 frilled lizards
  7 kobolds
  7 rats
124 creatures vanquished.

Notes
Turn   | Place    | Note
-------+----------+-------------------------------------------
     0 | D:1      | Prestidigitation the Demonspawn Wanderer began the quest for the Orb.
     0 | D:1      | Prestidigitation set off with: a +2 mace, 2 potions of curing, a +0 robe, a +0 dagger, a bread ration
     0 | D:1      | Reached XP level 1. HP: 19/19 MP: 1/1
   209 | D:1      | Gained mutation: You are partially covered in icy blue scales. (AC +2) [demonic ancestry]
   209 | D:1      | Reached XP level 2. HP: 21/26 MP: 2/2
   468 | D:1      | Reached skill level 2 in Maces & Flails
   925 | D:2      | Found a shadowy altar of Dithmenos.
   963 | D:2      | Gained mutation: You are slightly more attuned to the shadows. [demonic ancestry]
   963 | D:2      | Reached XP level 3. HP: 31/31 MP: 3/3
   968 | D:2      | Reached skill level 3 in Maces & Flails
   991 | D:2      | Reached XP level 4. HP: 17/38 MP: 4/4
  1547 | D:2      | Found a hide-covered altar of Uskayaw.
  1782 | D:3      | Reached skill level 4 in Maces & Flails
  1995 | D:3      | Found a stormy altar of Qazlal.
  1996 | D:3      | Noticed a fire elemental
  1997 | D:3      | Noticed a water elemental
  1998 | D:3      | Noticed an air elemental
  1998 | D:3      | Noticed an earth elemental
  2100 | D:3      | Gained mutation: You are partially covered in sharp spines. [demonic ancestry]
  2100 | D:3      | Reached XP level 5. HP: 42/43 MP: 5/5
  2246 | D:3      | Found a deep blue altar of Sif Muna.
  2284 | D:3      | Found a sacrificial altar of Ru.
  2606 | D:4      | Reached skill level 5 in Maces & Flails
  2662 | D:4      | Reached XP level 6. HP: 49/49 MP: 6/6
  3145 | D:5      | Entered Level 5 of the Dungeon
  3163 | D:5      | Noticed Grinder
  3176 | D:5      | Reached skill level 6 in Maces & Flails
  3533 | D:5      | Found a staircase to the Ecumenical Temple.
  3539 | Temple   | Entered the Ecumenical Temple
  3682 | D:5      | Paralysed by Grinder for 7 turns
  3706 | D:5      | Killed Grinder
  3706 | D:5      | Reached skill level 7 in Maces & Flails
  3706 | D:5      | Reached XP level 7. HP: 41/55 MP: 7/7
  4114 | D:5      | Found a burning altar of Makhleb.
  4114 | D:5      | Noticed an Executioner
  4117 | D:5      | Noticed a hellwing
  4117 | D:5      | Noticed a neqoxec
  4149 | D:5      | Reached skill level 8 in Maces & Flails
  4231 | D:5      | Found a runed door.
  4385 | D:5      | Noticed Crazy Yiuf
  4391 | D:5      | Killed Crazy Yiuf
  4523 | D:6      | Reached XP level 8. HP: 54/61 MP: 8/8
  4581 | D:6      | Found a sparkling altar of Nemelex Xobeh.
  4798 | D:6      | Found an ornate altar of the Wu Jian Council.
  4874 | D:6      | Found a hazy altar of Hepliaklqana.
  5249 | D:7      | HP: 3/61 [orc priest/divine providence (11)]
  5251 | D:7      | Reached skill level 9 in Maces & Flails
  5251 | D:7      | Slain by an orc priest

Vault maps used:
D:1:      scummos_arrival_hexagon
D:2:      nicolae_overflow_crystal_walls, lemuel_doored_altar,
          kennysheep_doodads
D:3:      nicolae_qazlal_style_of_elements, marbit_many_paths,
          lemuel_crystal_altar, hex_medium
D:5:      minmay_temple_entry_overgrown, first_bread, makhleb_altar_promises_db,
          uniq_crazy_yiuf_cottage, uniq_grinder
D:6:      kennysheep_mini_moat, overflow_temple_1_default,
          kennysheep_little_box, kennysheep_generic_room_7
D:7:      lemuel_coloured_pillars_altar, grunt_decor_one_mirror, uniq_pikel
Temple:   kb_corrupted_temple

Skill      XL: |  1  2  3  4  5  6  7  8 |
---------------+-------------------------+-----
Maces & Flails | 2 3 4 5 7 8 9 |  9.0
Fighting       | |  4.4
Axes           | |  1.7
Stealth        | |  1.7

Action                   |  1- 3 |  4- 6 |  7- 9 || total
-------------------------+-------+-------+-------++-------
Melee: Mace              |    68 |   203 |    88 ||   359
Evoke: Wand              |       |     1 |       ||     1
  Use: Potion            |       |     4 |       ||     4
       Scroll            |       |       |    12 ||    12
 Stab: Sleeping          |     1 |     9 |       ||    10
  Eat: Chunk             |       |     9 |     3 ||    12
       Bread ration      |       |       |     1 ||     1
Armor: Robe              |    26 |    49 |       ||    75
       Scale mail        |       |    77 |    60 ||   137
Dodge: Dodged            |    53 |   106 |    26 ||   185
